[Event "Late-Titled-Tuesday-Blitz-July-09-2024"]
[Site "Chess.com"]
[Date "2024.07.09"]
[Round "8"]
[White "Maluco_do_Natal_00"]
[Black "luggevoila"]
[Result "0-1"]
[WhiteElo "2007"]
[BlackElo "2336"]
[TimeControl "180+1"]
[EndTime "15:28:15 PDT"]
[Termination "luggevoila won by resignation"]

1. e4 e5 2. Nf3 Nc6 3. Bb5 Nge7 4. d4 exd4 5. Nxd4 Nxd4 6. Qxd4 Nc6 7.
Qd1 Bc5 8. Nc3 O-O 9. O-O a6 10. Bc4 d6 11. a3 Ne5 12. Be2 Qh4 13. b4 Ba7 14. b5 f5 15. bxa6 Rb8 16. Rb1 fxe4 17.
Qd5+ Kh8 18. Qxe4 Qxe4 19. Nxe4 Bf5 20. Ng3 Bxc2 21. Rxb7 Rxb7 22. axb7 Nd3 23. Bxd3 Bxd3 24. Rd1 Bxf2+ 25. Kh1 Ba6 26. Ne4 Bb6 27. h3 Bxb7 28. a4 Bxe4 29. Bg5 h6 30. Be7 Rf7 31. Bd8 Bc2 32. Rc1 Bxa4 33. Bh4 Bd7 34. Bg3 Bb5 35. Kh2 Kh7 36. Rb1 Bd7 37. Bxd6 cxd6 38. Rxb6 Rf6 39. Rb7 Bf5 40. Re7 d5 41. Re5 Be4 42.
Kg3 Rf5 43. Re7 Rg5+ 44. Kf2 Rxg2+ 45. Kf1 Rg3 46. h4 Rh3 0-1

[Event "Late-Titled-Tuesday-Blitz-July-09-2024"]
[Site "Chess.com"]
[Date "2024.07.09"]
[Round "8"]
[White "betta2004"]
[Black "KebabJangles"]
[Result "0-1"]
[WhiteElo "2487"]
[BlackElo "2381"]
[TimeControl "180+1"]
[EndTime "15:28:19 PDT"]
[Termination "KebabJangles won by resignation"]

1. Nf3 Nf6 2. e3 g6 3. b3 Bg7 4. Bb2 O-O 5. d4 d6 6. Nbd2 c5 7. Bd3 b6 8. O-O Bb7 9. Qe2 Nbd7 10. c4 Qc7 11. d5 Rfe8 12. e4 e5 13. Ne1 Nh5 14. g3 Bh6 15. Ng2 Rf8 16. f4 Rae8 17. f5 f6 18. fxg6 hxg6 19. Qg4 Kh7 20. Nf3 Ng7 21. Nfh4 Bg5 22. Bc1 Qd8 23. Bxg5 fxg5 24.
Nf3 Kh6 25. Ne3 Bc8 26. Qh3+ Nh5 27. g4 Nf6 28. Kh1 Kg7 29. Nxg5 Nf4 30. Qg3 Nxg4 31. Nxg4 Qxg5 32. Nf2 Qxg3 33. hxg3 Nxd3 34. Nxd3 Bg4 35. Kg2 Be2 36. Rxf8 Rxf8 37. Nf2 Bf3+ 38. Kg1 g5 39. a4 a5 40. Ra3 g4 41. Ra1 Kg6 42. Re1 Kg5 43.
Re3 Rf7 44. Nd3 Bd1 45. Ne1 Rf6 46. Rd3 Be2 47. Rc3 Rf1+ 48. Kg2 Rxe1 49. Kf2 Ra1 50. Kxe2 Ra2+ 51. Ke3 Rg2 52. Rc1 Rxg3+ 53. Ke2 Rxb3 54. Rf1 Rb4 55. Rf5+ Kh4 56. Rf6 Rxc4 57. Rxd6 Rxe4+ 58. Kf2 Rxa4 59. Rxb6 Ra2+ 60. Ke3 Kg3 61. d6 Ra3+ 62. Ke4 Ra1 63. Kxe5 Rd1 64. Rb5 c4 65. Rd5 Rxd5+ 66. Kxd5 c3 67. d7 c2 68. d8=Q c1=Q 69. Qb8+ Qf4 70. Qb6 Qf5+ 71. Kc4 Qe4+ 72. Kb3 a4+ 73. Ka3 Qc4 74. Qe3+ Kg2 75. Qd2+ Kh3 76. Qh6+ Kg3 77.
Qe3+ Kh2 78. Qf2+ Kh3 79. Qe3+ g3 80. Qh6+ Kg2 81. Qd2+ Kg1 82. Qe1+ Kh2 83. Qd2+ g2 84.
Qf4+ Qxf4 0-1

[Event "Late-Titled-Tuesday-Blitz-July-09-2024"]
[Site "Chess.com"]
[Date "2024.07.09"]
[Round "8"]
[White "Navyblue1"]
[Black "PNEPaul"]
[Result "1-0"]
[WhiteElo "2128"]
[BlackElo "1895"]
[TimeControl "180+1"]
[EndTime "15:28:19 PDT"]
[Termination "Navyblue1 won on time"]

1. d4 a6 2. c4 d6 3. Nc3 g6 4. e4 h6 5. f4 Bg7 6. Nf3 Nd7 7.
Be3 e6 8. Bd3 Ne7 9. O-O O-O 10.
Re1 Nf6 11. h3 Nh5 12. Qd2 Kh7 13. Qf2 Ng8 14. Rad1 f5 15. e5 dxe5 16. dxe5 Qe8 17. Nd4 c5 18. Nde2 b6 19. g4 Nxf4 20. Nxf4 Bxe5 21. gxf5 exf5 22. Ng2 Qe7 23. Nd5 Qg7 24. Bf4 Bxb2 25. h4 Bd4 26. Be3 Bf6 27. Nxf6+ Qxf6 28. Nf4 g5 29. hxg5 hxg5 30. Qh2+ Qh6 31. Qxh6+ Kxh6 32. Nd5 f4 33. Nxb6 Bg4 34. Rc1 fxe3 35. Nxa8 Rxa8 36. Rxe3 Rd8 37. Rg3 Bc8 38. Bf1 Nf6 39. Rc2 Ne4 40. Rh2+ Kg6 41. Re3 Bf5 42. Bd3 Nd6 43. Bxf5+ Nxf5 44. Re6+ Kf7 45. Re5 Rd1+ 46. Kg2 Rd2+ 47. Kh3 Rxh2+ 48.
Kxh2 Kf6 49. Rxc5 Ne3 50. Rc6+ Ke5 51. Rxa6 Nxc4 52. Kg3 1-0

[Event "Late-Titled-Tuesday-Blitz-July-09-2024"]
[Site "Chess.com"]
[Date "2024.07.09"]
[Round "8"]
[White "Zurability"]
[Black "WindWhistler11"]
[Result "1-0"]
[WhiteElo "2659"]
[BlackElo "2479"]
[TimeControl "180+1"]
[EndTime "15:28:20 PDT"]
[Termination "Zurability won on time"]

1. e4 e6 2. Qe2 b6 3. b3 Ba6 4.
Bb2 Bxe2 5. Bxe2 Nf6 6. d3 d5 7. e5 Nfd7 8. Nf3 Be7 9. O-O O-O 10. Re1 c5 11. Bf1 Nc6 12. a3 Qb8 13. Nbd2 Bd8 14.
c4 d4 15. b4 Bc7 16. g3 Ncxe5 17. Nxe5 Nxe5 18. f4 Ng4 19. Bg2 Ne3 20. Bxa8 Qxa8 21. Re2 e5 22. fxe5 Bxe5 23. Rae1 f5 24. Rf2 f4 25. Ne4 fxg3 26. hxg3 Rxf2 27. Kxf2 Qf8+ 28. Ke2 Qf5 29. Kd2 Qh3 30. bxc5 bxc5 31. Nxc5 Bxg3 32. Re2 Bf4 33. Bxd4 Nf5+ 34. Kc3 Nxd4 35. Kxd4 Qg4 36. Re4 g5 37. Ne6 Qg1+ 38. Kd5 Bb8 39. c5 Qb1 40. d4 a6 41. Nd8 h5 42. Re8+ Kh7 43. Ne6 Qa2+ 44.
Kc6 Qb3 45. Kd7 Qd5+ 46. Ke7 g4 47. Rxb8 Kh6 48. Rh8+ Kg6 49. Nf4+ Kg5 50. Nxd5 1-0

[Event "Late-Titled-Tuesday-Blitz-July-09-2024"]
[Site "Chess.com"]
[Date "2024.07.09"]
[Round "8"]
[White "Chigorinetz"]
[Black "praveenb2002"]
[Result "0-1"]
[WhiteElo "2622"]
[BlackElo "2852"]
[TimeControl "180+1"]
[EndTime "15:28:21 PDT"]
[Termination "praveenb2002 won on time"]

1. e4 c6 2. d4 d5 3. Bd3 dxe4 4. Bxe4 Nf6 5. Bf3 Bf5 6. g4 Bg6 7. h4 h6 8. Nh3 Nd5 9. a3 Nd7 10. c4 N5b6 11. Qe2 e5 12. Nc3 Qe7 13. d5 Nc5 14. Be3 Bd3 15. Bxc5 Bxe2 16. Bxe7 Bxf3 17. Bxf8 Bxh1 18.
Bxg7 Rg8 19. Bxh6 Rxg4 20. O-O-O Bg2 21. Ng5 Nxc4 22. Nh7 O-O-O 23. Bg5 Rh8 24. Nf6 Rd4 25. dxc6 Rxd1+ 26. Nxd1 Bxc6 27. Kc2 Bf3 28. Nc3 Nd6 29. Kd3 Nf5 30. a4 Nxh4 31. Nb5 Nf5 32. Nxa7+ Kb8 33.
Nb5 Rd8+ 34. Kc3 Nd6 35. Nxd6 Rxd6 36. b4 Rc6+ 37. Kb2 Bd1 38. a5 Rc2+ 39. Ka3 Rxf2 40. Nd7+ Kc8 41. Nxe5 Rf5 42. Nc4 Rxg5 43. Nd6+ Kb8 44.
Nxf7 Rg3+ 45. Kb2 Rb3+ 46. Kc1 Bh5 47. Nd6 Rxb4 48. Kc2 Ra4 49. Kc3 Rxa5 50. Kb4 Rg5 51. Nc4 Rg4 52. Kc5 Rxc4+ 53. Kxc4 Kc7 0-1

[Event "Late-Titled-Tuesday-Blitz-July-09-2024"]
[Site "Chess.com"]
[Date "2024.07.09"]
[Round "8"]
[White "Bauman_Guy"]
[Black "Goryachkina"]
[Result "1/2-1/2"]
[WhiteElo "2914"]
[BlackElo "2720"]
[TimeControl "180+1"]
[EndTime "15:28:22 PDT"]
[Termination "Game drawn by repetition"]

1. e4 c5 2. Nf3 Nc6 3. d4 cxd4 4.
Nxd4 Nf6 5. Nc3 e5 6. Ndb5 d6 7. Bg5 a6 8. Na3 b5 9. Bxf6 gxf6 10. Nd5 f5 11. g3 fxe4 12. Bg2 Bg7 13. Bxe4 Be6 14.
Qh5 Rc8 15. c3 Ne7 16. Rd1 Nxd5 17. Bxd5 O-O 18. Nc2 Rc5 19. Ne3 Bxd5 20. Nxd5 f5 21. O-O e4 22. Nf4 Qe7 23. Rd5 Be5 24. Rxc5 dxc5 25. Nd5 Qg7 26. Ne3 Qg6 27. Qe2 Kh8 28. Kh1 c4 29. Nd5 Qe6 30. Rd1 Rd8 31. Ne3 Rf8 32.
Qh5 Qg6 33. Qxg6 hxg6 34. Rd7 f4 35. gxf4 Bxf4 36. Nd1 Bc1 37. Kg2 Rf3 38. b3 Rd3 39.
Rxd3 exd3 40. bxc4 bxc4 41. Kf3 Kg7 42. Ke4 Kf6 43.
Kd5 Kf5 44. Kxc4 Ke4 45. f3+ Kxf3 46. Kxd3 Kg2 47. h4 Kh3 48. Ke4 Kxh4 49. c4 Ba3 50. Ne3 g5 51. Kf3 Bc5 52. Nf5+ Kh3 53. Nh6 Bd4 54.
Ng4 Bc5 55. Nh6 Bd4 56. Ng4 Bc5 57. Nh6 1/2-1/2

[Event "Late-Titled-Tuesday-Blitz-July-09-2024"]
[Site "Chess.com"]
[Date "2024.07.09"]
[Round "8"]
[White "JoJoZP"]
[Black "c63_amg"]
[Result "0-1"]
[WhiteElo "2533"]
[BlackElo "2771"]
[TimeControl "180+1"]
[EndTime "15:28:23 PDT"]
[Termination "c63_amg won by resignation"]

1. Nf3 Nf6 2. c4 e6 3. g3 d5 4.
Bg2 d4 5. O-O c5 6. e3 Nc6 7.
exd4 cxd4 8. d3 h6 9. Bf4 Bd6 10. Bxd6 Qxd6 11. Na3 a6 12. Nc2 O-O 13. Re1 a5 14. b3 Nd7 15. a3 Nc5 16. b4 axb4 17. axb4 Rxa1 18. Qxa1 Nxd3 19. Rd1 Ndxb4 20. Ncxd4 Rd8 21.
Rd2 Qe7 22. Qa3 Qf8 23. h4 Nxd4 24. Rxd4 Rxd4 25. Nxd4 Na6 26. Qb2 Qd6 27. Nb5 Qc5 28. Qd2 Qe7 29. Nd6 Qd8 30. Kf1 Nc5 31. Ke1 Qc7 32. Nb5 Qd7 33. Qxd7 Bxd7 34. Nd6 b6 35. Kd2 Kf8 36. Nb7 Ke7 37. Nxc5 bxc5 38. Kd3 Kd6 39. Ke3 e5 40. Bf1 Bc6 41. Be2 f5 42.
f4 Ke6 43. Bf1 Kf6 44. Be2 g5 45. hxg5+ hxg5 46. fxe5+ Kxe5 47. Bf1 f4+ 48. gxf4+ gxf4+ 49. Kf2 Kd4 50. Be2 Be4 51. Bf1 Bd3 52. Bh3 Bxc4 53.
Kf3 Ke5 54. Bc8 Bd5+ 55. Kf2 c4 56. Ba6 Kd4 0-1

[Event "Late-Titled-Tuesday-Blitz-July-09-2024"]
[Site "Chess.com"]
[Date "2024.07.09"]
[Round "8"]
[White "KVAIDAN"]
[Black "HATilay"]
[Result "0-1"]
[WhiteElo "2379"]
[BlackElo "2579"]
[TimeControl "180+1"]
[EndTime "15:28:23 PDT"]
[Termination "HATilay won by checkmate"]

1. f4 d5 2. Nf3 Nf6 3. e3 c5 4. b3 Nc6 5. Bb5 Bd7 6. Bb2 g6 7. O-O Bg7 8. Bxc6 Bxc6 9. Ne5 Rc8 10. Nxc6 Rxc6 11. d3 O-O 12. Be5 Re8 13. Nd2 Bf8 14. Rf3 Ng4 15. Bb2 e5 16. Rh3 h5 17. f5 Qg5 18. Nf1 Qxf5 19. Qe2 Bh6 20. e4 dxe4 21. dxe4 Qe6 22. Bc1 Bxc1 23. Rxc1 Rd6 24. Rg3 Red8 25.
h3 Nf6 26. Rd3 Rd4 27. Ng3 h4 28. Nf1 Nxe4 29. Re3 f5 30. Qb5 Rd1 31. Re1 Rxc1 32. Rxc1 b6 33. a4 Kg7 34. a5 Rd6 35. axb6 Rxb6 36.
Qa5 a6 37. Ne3 Rc6 38. Nc4 Qf6 39. Qa4 Rc7 40. Qe8 Re7 41. Qc8 Ng3 42. Re1 e4 43. Qxc5 Rd7 44. Ne5 Qd6 45. Qc3 Qd4+ 46. Qxd4 Rxd4 47.
Ra1 Rd2 48. c4 f4 49. c5 Rc2 50. b4 Kf6 51. Ng4+ Kf5 52. Nf2 e3 53. Nd3 g5 54.
Ne1 Rf2 55. c6 Rf1+ 56. Kh2 Rh1# 0-1

[Event "Late-Titled-Tuesday-Blitz-July-09-2024"]
[Site "Chess.com"]
[Date "2024.07.09"]
[Round "8"]
[White "Bkmzzzzz"]
[Black "yujiarun18"]
[Result "1-0"]
[WhiteElo "2421"]
[BlackElo "2251"]
[TimeControl "180+1"]
[EndTime "15:28:24 PDT"]
[Termination "Bkmzzzzz won by resignation"]

1. e4 c5 2. Nf3 d6 3. d4 cxd4 4. Qxd4 Nc6 5. Bb5 a6 6. Bxc6+ bxc6 7. c4 Qc7 8. Nc3 c5 9. Qd3 e6 10. Bf4 Nf6 11. h3 Bb7 12. O-O Be7 13. e5 dxe5 14. Bxe5 Qc6 15. Rad1 O-O 16. b3 Rad8 17. Qe3 Nd7 18.
Bg3 Nf6 19. Bh4 h6 20. Rxd8 Rxd8 21. Rd1 Rxd1+ 22. Nxd1 Qd7 23. Nc3 Nh5 24. Bxe7 Qxe7 25. Ne4 Bxe4 26. Qxe4 Nf6 27. Qa8+ Kh7 28. Qxa6 Qd7 29.
Qa5 Qd1+ 30. Qe1 Qc2 31. Qd2 Qb1+ 32. Kh2 Ne4 33. Qe3 f5 34. a4 Qb2 35. a5 Nxf2 36. Qxe6 Qc2 37. Nh4 Nd3 38. Qxf5+ Kg8 39. a6 Qa2 40.
Qxd3 Qxa6 41. Qd5+ Kh7 42. Qxc5 Qb7 43. Qf5+ Kg8 44. Qf3 Qc7+ 45. Qg3 Qc6 46. Nf5 g6 47. Nxh6+ Kh7 48. Ng4 Qc5 49. Qf4 Qb4 50. Nf6+ Kg7 51.
Ne8+ Kg8 52. Nf6+ Kg7 53. Nd5 Qxb3 54. Qe5+ Kh6 55. c5 Qc4 56. Ne7 Kh7 57. c6 Qc2 58. c7 1-0

[Event "Late-Titled-Tuesday-Blitz-July-09-2024"]
[Site "Chess.com"]
[Date "2024.07.09"]
[Round "8"]
[White "Yahisalem"]
[Black "TheMagician"]
[Result "0-1"]
[WhiteElo "1948"]
[BlackElo "2087"]
[TimeControl "180+1"]
[EndTime "15:28:25 PDT"]
[Termination "TheMagician won by checkmate"]

1. e4 e5 2. Nf3 Nc6 3. Bc4 Bc5 4. O-O d6 5. h3 h6 6. c3 Qe7 7. d4 Bb6 8. d5 Nb8 9. a4 a6 10. b4 g5 11. Be3 g4 12. hxg4 Bxe3 13. fxe3 Bxg4 14. Nbd2 h5 15. Qe1 Nd7 16. Qh4 Nf8 17.
Qxe7+ Nxe7 18. Nh4 Rg8 19. Nf5 Nh7 20. Rf2 Bxf5 21.
exf5 Nf6 22. Be2 Rg5 23. e4 Kd7 24. Bf3 Rag8 25. c4 h4 26. Kh2 Rg3 27. Nf1 R8g7 28. Rb2 R3g5 29. Kh3 Neg8 30. b5 a5 31. b6 c6 32.
dxc6+ Kxc6 33. Rb5 Nh6 34. Rc1 Nxf5 35. exf5+ e4 36. c5 d5 37. Bxe4 Nxe4 38. Rc2 Rxf5 39. Ne3 Rg3+ 40. Kxh4 Rxe3 41. g4 Rf4 42. Rxa5 f5 43. Kh5 Rxg4 44. Rh2 Reg3 45. Ra8 Nf6+ 46. Kh6 Rg6# 0-1

[Event "Late-Titled-Tuesday-Blitz-July-09-2024"]
[Site "Chess.com"]
[Date "2024.07.09"]
[Round "8"]
[White "simaopdias"]
[Black "Mariia89"]
[Result "0-1"]
[WhiteElo "2178"]
[BlackElo "2219"]
[TimeControl "180+1"]
[EndTime "15:28:25 PDT"]
[Termination "Mariia89 won on time"]

1. e4 c6 2. Nf3 d5 3. exd5 cxd5 4. d4 Nf6 5. c4 e6 6. Nc3 Be7 7. Bf4 a6 8. Rc1 O-O 9. Ne5 Nbd7 10. cxd5 exd5 11.
Bd3 Re8 12. O-O Nf8 13. Bg5 Be6 14. Re1 Rc8 15. h3 Qb6 16. Qd2 Qa5 17. a3 b5 18.
Nb1 Qb6 19. Nc3 Red8 20. Be3 N8d7 21. Nf3 Qb7 22. Ng5 Nf8 23. Bf4 h6 24. Nf3 Bd6 25.
Be3 Bb8 26. Bf1 N6d7 27. g3 Nb6 28. Qd3 Nc4 29. Re2 Qd7 30. Kh2 Nxe3 31. Rxe3 Qd6 32. Ne5 Nd7 33. f4 Nb6 34. Bg2 Nc4 35. Re2 Ba7 36.
Rce1 Nxe5 37. dxe5 Qd7 38. Rf1 Bf5 39. Qd2 d4 40. Ne4 Bxe4 41. Bxe4 d3 42. Rg2 Qd4 43. Bf3 Rc2 44. Qa5 d2 0-1

[Event "Late-Titled-Tuesday-Blitz-July-09-2024"]
[Site "Chess.com"]
[Date "2024.07.09"]
[Round "8"]
[White "wild3000"]
[Black "Burgsvik"]
[Result "1/2-1/2"]
[WhiteElo "2435"]
[BlackElo "2272"]
[TimeControl "180+1"]
[EndTime "15:28:29 PDT"]
[Termination "Game drawn - insufficient material"]

1. a3 c5 2. h4 d5 3. h5 e5 4. d3 Nc6 5. h6 g6 6. e4 dxe4 7. dxe4 Qxd1+ 8. Kxd1 Be6 9. Nf3 O-O-O+ 10. Ke1 Nf6 11.
Bg5 Be7 12. Nc3 Rhe8 13. Bb5 Ng4 14. Bxc6 bxc6 15. Bxe7 Rxe7 16. Ng5 f6 17. Nxe6 Rxe6 18. Ke2 f5 19. f3 Nf6 20. Rad1 Rd4 21. exf5 gxf5 22.
b3 e4 23. fxe4 Nxe4 24. Nxe4 Rdxe4+ 25. Kd2 Re2+ 26. Kc3 Rxg2 27. Rdg1 Re3+ 28. Kb2 Reg3 29. Rxg2 Rxg2 30. Rh5 f4 31. Rf5 Rg6 32. Rf8+ Kc7 33. Rf7+ Kb6 34. Rxh7 Rf6 35. Rg7 Rxh6 36. Rf7 Rh4 37. a4 c4 38. b4 a5 39. Kc3 axb4+ 40. Kxb4 c5+ 41. Kxc4 f3+ 42. Kb3 Rh3 43. c3 Ka5 44.
Rf5 Kb6 45. Kc4 Rh4+ 46. Kb3 Rh3 47. Rf6+ Ka5 48. Rf4 Kb6 49. Kc4 Kc6 50. Rf6+ Kd7 51.
Kxc5 f2 52. Rxf2 Rxc3+ 53. Kb6 Rc6+ 54. Kb5 Re6 55. Rc2 Re5+ 56. Kb6 Re6+ 57. Kb7 Re4 58. Rd2+ Ke8 59. Kb6 Rxa4 60. Kc6 Ke7 61. Re2+ Kf6 62. Kd5 Ra5+ 63. Kd6 Ra1 64. Kd5 Rd1+ 65. Kc4 Kf5 66. Kc3 Kf4 67. Re7 Rd8 68. Rc7 Ke3 69. Re7+ Kf4 70.
Rf7+ Ke5 71. Rf1 Rc8+ 72. Kb4 Ra8 73. Kc4 Ke4 74. Re1+ Kf4 75. Rf1+ Ke3 76. Rf7 Ra4+ 77. Kd5 Ra5+ 78. Kc4 Ke4 79. Re7+ Kf5 80. Rc7 Ke5 81.
Rc5+ Rxc5+ 82. Kxc5 1/2-1/2

[Event "Late-Titled-Tuesday-Blitz-July-09-2024"]
[Site "Chess.com"]
[Date "2024.07.09"]
[Round "8"]
[White "FuenfgegenWilly"]
[Black "Road2GM3000"]
[Result "1/2-1/2"]
[WhiteElo "2529"]
[BlackElo "2390"]
[TimeControl "180+1"]
[EndTime "15:28:30 PDT"]
[Termination "Game drawn by stalemate"]

1. e4 c5 2. Nc3 d6 3. f4 g6 4. Nf3 Bg7 5. Bb5+ Bd7 6. Bc4 e6 7. f5 Ne7 8. fxe6 Bxe6 9. Bxe6 fxe6 10. O-O O-O 11. Qe1 Nbc6 12. d3 Nd4 13. Qh4 Nxf3+ 14. gxf3 Nc6 15. Bg5 Bf6 16. f4 Nd4 17. Bxf6 Qxf6 18.
Qxf6 Rxf6 19. Rf2 Raf8 20. Raf1 h6 21. Nd1 g5 22. c3 Nc6 23. fxg5 Rxf2 24. Rxf2 Rxf2 25.
Nxf2 hxg5 26. Kg2 Kg7 27. Kf3 Kg6 28. Ke3 Kh5 29. d4 cxd4+ 30. cxd4 Kh4 31. a3 e5 32.
dxe5 Nxe5 33. Kd4 Ng4 34. Nxg4 Kxg4 35. Kd5 Kf3 36. b4 b5 37. e5 dxe5 38. Kxe5 Kg4 39. Kf6 Kh4 40. Kf5 Kh5 41. h3 Kh4 42. Kg6 Kxh3 43. Kxg5 Kg3 44. Kf5 Kf3 45. Ke5 Ke3 46. Kd5 Kd3 47. Kc5 Kc3 48. Kxb5 Kb3 49. a4 Ka3 50. a5 Kb3 51. a6 Ka3 52. Kc5 Ka4 53. b5 Ka5 54. Kc4 Kb6 55. Kb4 Kc7 56. Kc5 Kc8 57. Kc6 Kb8 58. Kd7 Ka8 59. Kd8 Kb8 60.
Kd7 Ka8 61. Kd6 Kb8 62. Kc5 Ka8 63. Kb4 Kb8 64. Ka5 Kc7 65. b6+ axb6+ 66. Kb5 Kb8 67.
Kxb6 Ka8 68. a7 1/2-1/2

[Event "Late-Titled-Tuesday-Blitz-July-09-2024"]
[Site "Chess.com"]
[Date "2024.07.09"]
[Round "8"]
[White "vi_pranav"]
[Black "GMRafpig"]
[Result "1/2-1/2"]
[WhiteElo "2976"]
[BlackElo "2781"]
[TimeControl "180+1"]
[EndTime "15:28:31 PDT"]
[Termination "Game drawn by repetition"]

1. Nf3 Nf6 2. g3 g6 3. Bg2 Bg7 4. O-O O-O 5. d3 d6 6. c4 c5 7. Nc3 Nc6 8. a3 a6 9. Rb1 Rb8 10. b4 cxb4 11. axb4 b5 12. cxb5 axb5 13. Bd2 Bd7 14. Qc1 Qb6 15. Bh6 Rbc8 16. Qf4 Ne5 17. Bxg7 Nxf3+ 18. Bxf3 Kxg7 19. Rfc1 Bc6 20. Bxc6 Rxc6 21.
Ne4 Nxe4 22. Qxe4 Rc7 23. Rxc7 Qxc7 24. Qd5 Rb8 25. h4 Qc2 26. Qd4+ e5 27. Qb2 Qxb2 28. Rxb2 Ra8 29. Rc2 Ra4 30. Rc6 Rxb4 31. Rxd6 h5 32. Kg2 e4 33. d4 Kf8 34. e3 Ke7 35. Rb6 Rb2 36. Kf1 Rb1+ 37. Kg2 Rb2 38. d5 b4 39. g4 hxg4 40. Kg3 f5 41. Rxg6 b3 42. Rb6 Rb1 43. Kg2 b2 44. h5 f4 45. exf4 g3 46.
fxg3 e3 47. h6 e2 48. Re6+ Kf7 49. Rxe2 Rg1+ 50. Kxg1 b1=Q+ 51. Kg2 Qd3 52. Re5 Qg6 53. Kf3 Qxh6 54. Kg4 Qg6+ 55. Rg5 Qd3 56. Re5 Qg6+ 57.
Rg5 Qd3 58. Re5 Qg6+ 1/2-1/2

[Event "Late-Titled-Tuesday-Blitz-July-09-2024"]
[Site "Chess.com"]
[Date "2024.07.09"]
[Round "8"]
[White "karinachess1"]
[Black "GiorgianBarbosa"]
[Result "1-0"]
[WhiteElo "2675"]
[BlackElo "2507"]
[TimeControl "180+1"]
[EndTime "15:28:31 PDT"]
[Termination "karinachess1 won on time"]

1. d4 Nf6 2. c4 e6 3. Nc3 d5 4.
cxd5 exd5 5. Bg5 Be7 6. e3 O-O 7.
Bd3 c6 8. Qc2 Nbd7 9. Nf3 Re8 10.
O-O Nf8 11. Ne5 Nh5 12. Bf4 Ng6 13. Nxg6 hxg6 14. Ne2 Nxf4 15. Nxf4 Bd6 16. Rae1 Qh4 17. g3 Qh6 18. Ng2 Bh3 19. Qb3 Re7 20. e4 dxe4 21.
Rxe4 Rae8 22. Rxe7 Rxe7 23. d5 c5 24. Qc4 Qd2 25. Qc3 Qxc3 26. bxc3 Bxg2 27. Kxg2 Be5 28. c4 b6 29. Rb1 Kf8 30. a4 Bc7 31. Kf3 f5 32. h3 Kf7 33. g4 Kf6 34. Rb5 Ke5 35.
a5 Kd4 36. axb6 axb6 37. Be2 fxg4+ 38. hxg4 Rf7+ 39. Kg2 g5 40. Rb3 Bf4 41. Rxb6 Ra7 42. Rb3 Ra2 43. Kf3 Rc2 44. Rd3+ Ke5 45. d6 Ke6 46. d7 Bc7 47. d8=Q Bxd8 48. Rxd8 Rc3+ 49. Bd3 Ke5 50. Rd5+ Kf6 51. Ke4 Rc1 52. Rd6+ Ke7 53. Rc6 Re1+ 54. Kf5 Kf7 55. Rc7+ 1-0

[Event "Late-Titled-Tuesday-Blitz-July-09-2024"]
[Site "Chess.com"]
[Date "2024.07.09"]
[Round "8"]
[White "djano"]
[Black "Beaterawn"]
[Result "0-1"]
[WhiteElo "2584"]
[BlackElo "2447"]
[TimeControl "180+1"]
[EndTime "15:28:31 PDT"]
[Termination "Beaterawn won on time"]

1. e4 c5 2. Nc3 e6 3. f4 a6 4.
Nf3 b5 5. g3 Bb7 6. d3 Nf6 7.
Bg2 d5 8. e5 Nfd7 9. O-O Be7 10.
Qe1 O-O 11. g4 Nc6 12. f5 Qc7 13. Bf4 Nd4 14. f6 gxf6 15. Nxd4 cxd4 16. exf6 Bd6 17.
Bxd6 Qxd6 18. Qh4 Kh8 19. Rf3 Rg8 20. Rh3 Nf8 21. Ne2 Qe5 22. Re1 Rc8 23. c3 dxc3 24. Nxc3 Qg5 25. Qxg5 Rxg5 26. Rg3 Nd7 27. d4 Nxf6 28.
Rf1 Kg7 29. Rgf3 Nxg4 30. Rxf7+ Kg8 31. Rxb7 Ne3 32. Rf2 Rf8 33. h4 Rg4 34. Ne2 Rxf2 35. Kxf2 Nxg2 36. h5 Nh4 37. Ra7 Rg2+ 38. Kf1 Rg5 39. h6 Nf5 40. Rxa6 Nxh6 41. Rxe6 Ng4 42. Rb6 h5 43. Rxb5 h4 44. Kg2 Nh6+ 45. Kh3 Nf5 46.
Rxd5 Kf7 47. Nc3 Rg3+ 48. Kh2 Ne3 49. Rh5 Ng4+ 50. Kh1 Nf2+ 51. Kh2 Ng4+ 52. Kh1 h3 53. d5 Nf2+ 0-1

[Event "Late-Titled-Tuesday-Blitz-July-09-2024"]
[Site "Chess.com"]
[Date "2024.07.09"]
[Round "8"]
[White "MetiForce"]
[Black "champ2005"]
[Result "0-1"]
[WhiteElo "2915"]
[BlackElo "3055"]
[TimeControl "180+1"]
[EndTime "15:28:33 PDT"]
[Termination "champ2005 won by checkmate"]

1. e4 c6 2. d4 d5 3. e5 Bf5 4. Nf3 e6 5. Be2 Nd7 6. O-O h6 7. a4 Ne7 8. a5 c5 9. c3 Nc6 10.
a6 c4 11. axb7 Rb8 12. b3 Rxb7 13. Nbd2 cxb3 14. Nxb3 Be7 15. Ba3 O-O 16. Nfd2 Rc7 17. Bd6 Bxd6 18. exd6 Rc8 19. Nc5 Nb6 20. Ba6 Rb8 21.
Nb7 Qd7 22. Nb3 Nd8 23. N3c5 Qc6 24. Nxd8 Rfxd8 25. Bd3 Bxd3 26. Qxd3 Ra8 27. Ra6 Rxd6 28. Rfa1 Qc7 29. Qg3 Nc4 30. Rb1 Rb8 31. Rc1 Rc8 32. Ra2 a5 33. h4 Rb6 34. Qf3 Rcb8 35. g3 Qc6 36. h5 Rb1 37. Rxb1 Rxb1+ 38. Kg2 Qb5 39.
Qe2 Rc1 40. Nxe6 Qb1 41. Nf4 Rg1+ 42. Kf3 Re1 43. Qc2 Qb5 44. Qf5 Nb6 45. Kg4 a4 46.
Qd3 Qd7+ 47. Kf3 Nc4 48. Qc2 a3 49. Qb3 Qe7 50. Qb8+ Kh7 51. Kg4 Qe4 52. Qc8 Nd6 53. Qd7 f5+ 54. Kh4 Rh1# 0-1

[Event "Late-Titled-Tuesday-Blitz-July-09-2024"]
[Site "Chess.com"]
[Date "2024.07.09"]
[Round "8"]
[White "andrejljepic"]
[Black "AcostaPablo"]
[Result "0-1"]
[WhiteElo "2491"]
[BlackElo "2715"]
[TimeControl "180+1"]
[EndTime "15:28:33 PDT"]
[Termination "AcostaPablo won by resignation"]

1. e4 e6 2. d4 d5 3. e5 c5 4. c3 Nc6 5. Nf3 Qb6 6. a3 c4 7.
g3 Na5 8. Nbd2 Bd7 9. h4 Ne7 10.
Bh3 Qc7 11. O-O Nc8 12. Rb1 Nb6 13. Ne1 O-O-O 14. f4 f6 15. Qe2 f5 16. Ndf3 Be7 17. Be3 h6 18. h5 g6 19. hxg6 Rdg8 20. Kf2 Rxg6 21. Rg1 Qd8 22. Ng2 Na4 23. Ngh4 Rg7 24. Kf1 Rhg8 25. Bf2 Be8 26. Qe3 Bh5 27. Rg2 Bg4 28.
Bxg4 fxg4 29. Ng1 Bxh4 30. gxh4 Qf8 31. Ne2 Qf5 32. Rc1 Nb3 33. Ng3 Qd3+ 34. Qxd3 cxd3 35. Re1 d2 36. Rd1 Nxb2 37. Ke2 Nxd1 38. Kxd1 Rc7 39. Ne2 Nc1 40. Rg3 Rf8 41. Be3 Nxe2 42. Kxe2 h5 43.
Kxd2 Rc4 44. Rg1 Kd7 45. Rb1 b6 46. Kd3 Ke7 47. Ra1 Rfc8 48. Bd2 Kf7 49. a4 Kg6 50. a5 b5 51. a6 R8c6 52. Rb1 Rb6 53. f5+ exf5 54. Re1 Kf7 55. Ke3 Rxa6 56. Kf4 Ke6 57. Kg5 Ra2 58. Bf4 Rf2 59. Ra1 Ra4 60. Rb1 a6 61. Bc1 g3 62. Kxh5 g2 63. Be3 Rf1 64. Rb2 g1=Q 65. Bxg1 Rxg1 66. Kh6 Ra3 67. h5 Rxc3 68.
Kh7 Rh3 69. h6 Rgh1 70. Rc2 Rxh6+ 71. Kg7 Rh7+ 72. Kg8 Rh8+ 73. Kg7 R8h7+ 74. Kg6 R7h6+ 75. Kg5 R1h5+ 76. Kf4 b4 77. Rc6+ Kd7 78. Rc5 b3 79.
Rxd5+ Kc7 80. Rc5+ Rc6 81. Ra5 b2 82. d5 b1=Q 83.
d6+ Kd7 0-1

[Event "Late-Titled-Tuesday-Blitz-July-09-2024"]
[Site "Chess.com"]
[Date "2024.07.09"]
[Round "8"]
[White "FollowRivers"]
[Black "stollenmonster"]
[Result "0-1"]
[WhiteElo "2505"]
[BlackElo "2857"]
[TimeControl "180+1"]
[EndTime "15:28:34 PDT"]
[Termination "stollenmonster won by resignation"]

1. d4 Nf6 2. c4 e6 3. Nc3 d5 4.
Nf3 Ne4 5. e3 Be7 6. Bd3 f5 7.
O-O c6 8. Ne5 O-O 9. f3 Nxc3 10.
bxc3 Nd7 11. f4 Nxe5 12. fxe5 Bd7 13. Rb1 Rb8 14. c5 b6 15. cxb6 axb6 16. c4 g6 17. Qb3 b5 18. cxb5 cxb5 19. Bd2 b4 20. Rfc1 Qa5 21. Qb2 Bb5 22. Bxb5 Qxb5 23. a3 b3 24. Rc3 Qe2 25. Re1 Bxa3 26. Rxe2 Bxb2 27. Rd3 Rfc8 28. Re1 f4 29. Rb1 fxe3 30. Rxb2 exd2 31. Rdxd2 Rc3 32. Kf2 g5 33. Ke2 Rbc8 34. h3 Kf7 35. Rd3 Rc2+ 36.
Rd2 Rxb2 37. Rxb2 Rc3 38. Kd2 Rg3 39. Kc1 h5 40. Rf2+ Ke7 41. Kb2 h4 42. Re2 Kd7 43. Rd2 Kc6 44. Rf2 Kb5 45. Rf6 Kc4 46. Rxe6 Rxg2+ 47. Kc1 Kxd4 48. Rb6 Kxe5 49. Rxb3 Rg3 50. Rb8 Rxh3 51.
Kd2 Rg3 52. Re8+ Kf4 53. Rf8+ Kg4 54. Rd8 h3 55. Rxd5 h2 56. Rd4+ Kf3 57. Rd3+ Kg2 0-1

[Event "Late-Titled-Tuesday-Blitz-July-09-2024"]
[Site "Chess.com"]
[Date "2024.07.09"]
[Round "8"]
[White "Kirill_Klukin"]
[Black "SRob2003"]
[Result "1-0"]
[WhiteElo "2926"]
[BlackElo "2715"]
[TimeControl "180+1"]
[EndTime "15:28:35 PDT"]
[Termination "Kirill_Klukin won on time"]

1. d4 Nf6 2. Nf3 d5 3. c3 e6 4.
Nbd2 c5 5. e3 Nc6 6. Bd3 Bd6 7.
O-O O-O 8. dxc5 Bxc5 9. b4 Bd6 10.
Bb2 Qc7 11. a3 Ne5 12. Nxe5 Bxe5 13. Nf3 Bd6 14. c4 dxc4 15. Bxc4 Bxh2+ 16. Nxh2 Qxc4 17. Bxf6 gxf6 18. Qh5 e5 19. Rac1 Qe4 20. Rc7 Be6 21.
Qh6 Rac8 22. Rxc8 Rxc8 23. Qxf6 Qf5 24. Qh4 Rc4 25. Qg3+ Kf8 26. Rd1 Rc8 27. Nf3 f6 28. Qh4 Kg7 29. Kh2 Rc4 30. Qh3 Qxh3+ 31. gxh3 Rc2 32.
Kg3 Ra2 33. Rd6 Kf7 34. Nd2 Rxa3 35. Ne4 b6 36. Rc6 Bd5 37. Rc7+ Kg6 38. Nd6 a5 39. b5 Ra1 40. e4 Ra3+ 41. f3 Be6 42. Rc6 a4 43. Rxb6 Rb3 44. Ne8 Bd7 45. Nc7 a3 46. Nd5 a2 47. Rxf6+ Kg7 48. Ra6 Rb2 49. b6 Bc6 50. Ra7+ Kg6 51. Ne7+ Kf6 52. Nxc6 Rxb6 53. Nd8 Rd6 54. Nb7 Rb6 55. Nc5 Rb2 56. Nd3 Rd2 57.
Ra6+ Kg5 58. h4+ Kh5 59. Nxe5 1-0